 Dungeon Crawl Stone Soup version 0.22-a0-283-g1871b15 (webtiles) character file.

1353 lilbarb the Caller (level 8, -1/50 HPs)
             Began as a Tengu Summoner on Mar 18, 2018.
             Was an Initiate of Yredelemnul.
             Killed by divine providence
             ... invoked by an orc priest
              (13 damage)
             ... on level 7 of the Dungeon on Mar 19, 2018.
             The game lasted 01:19:10 (9950 turns).

lilbarb the Caller (Tengu Summoner)                 Turns: 9950, Time: 01:19:10

Health: -1/50      AC:  5    Str:  7 (8)  XL:     8   Next: 63%
Magic:  14/15      EV: 12    Int: 16      God:    Yredelemnul [......]
Gold:   268        SH:  0    Dex: 11 (17) Spells: 9/15 levels left

rFire    . . .     SeeInvis .   j - +0 trident
rCold    . . .     Gourm    .   (no shield)
rNeg     + . .     Faith    .   f - +1 leather armour {rPois}
rPois    +         Spirit   .   (helmet restricted)
rElec    .         Reflect  .   (no cloak)
rCorr    .         Harm     .   g - +0 pair of gloves
MR       .....                  (boots unavailable)
Stlth    ++........             (no amulet)
HPRegen  0.16/turn              n - ring of positive energy
MPRegen  0.14/turn              u - ring of wizardry

@: no status effects
A: beak, talons 3, able to fly 1
a: Fly, Renounce Religion


You were on level 7 of the Dungeon.
You worshipped Yredelemnul.
Yredelemnul was noncommittal.
You were very hungry.

You visited 2 branches of the dungeon, and saw 8 of its levels.

You collected 268 gold pieces.

Inventory:

Hand Weapons
 b - a +0 dagger
 j - a +0 trident (weapon)
 o - a +2 dagger of venom
Armour
 f - a +1 leather armour of poison resistance (worn)
 g - a +0 pair of gloves (worn)
Jewellery
 n - a ring of positive energy (left hand)
 s - an uncursed ring of magical power
 u - a ring of wizardry (right hand)
Wands
 d - a wand of clouds (11)
 v - a wand of polymorph (14)
Scrolls
 a - 2 scrolls of random uselessness {unknown}
 e - 2 scrolls of amnesia
 h - 3 scrolls of remove curse
 k - a scroll of fog {unknown}
 p - a scroll of enchant weapon {unknown}
 q - a scroll of teleportation {unknown}
 r - a scroll of magic mapping {unknown}
 t - a scroll of identify {unknown}
Potions
 i - 3 potions of degeneration
 l - a potion of berserk rage {unknown}
 m - a potion of curing
Comestibles
 c - 6 rations


   Skills:
 * Level 5.6 Fighting
 + Level 2.0 Polearms
 - Level 4.1 Dodging
 - Level 3.0 Stealth
 - Level 4.0 Spellcasting
 * Level 6.6 Summonings
 * Level 5.8 Air Magic


You had 9 spell levels left.
You knew the following spells:

 Your Spells              Type           Power        Failure   Level  Hunger
b - Call Imp              Summ           ###.....     1%          2    ##.....
c - Summon Lightning Spi  Summ/Air       ###.....     8%          4    ####...


Dungeon Overview and Level Annotations

Branches:
Dungeon (7/15)             Temple (1/1) D:5

Altars:
Ashenzari
Cheibriados
Dithmenos
Makhleb
Okawaru
Qazlal
Uskayaw
Wu Jian
Xom
Yredelemnul
Zin
The Shining One

Shops:
D:5 =

Annotations:
D:3 1 runed door, exclusion: downstairs
D:4 exclusion: 2 downstairs
D:7 exclusion: upstairs


Innate Abilities, Weirdness & Mutations

You have a beak for a mouth.
You have claws for feet.
You can fly.


Message History

Press: ? - help, Dir - move target cursor, f/p - orc wizard
Aim: an orc wizard, wielding a dagger and wearing a robe (fast)
You barely miss the orc wizard. The orc wizard misses you.
The orc wizard barely misses you.
You closely miss the orc wizard.
The orc wizard hits you but does no damage. x2
You hit the orc wizard.
The orc wizard is lightly wounded.
The orc wizard points at you and mumbles some strange words.
The puff of flame hits you!
The orc priest looks encouraged for a moment.
The orc wizard gestures at you while chanting.
The magic dart hits you!
* * * LOW HITPOINT WARNING * * *
An orc priest comes into view.
Unknown command.
The orc priest invokes the aid of Beogh against you.
Beogh smites you!
You die...
Your body rises from the dead as a mindless zombie.

o#.......#. #...o.....<
#.#....... #### #.#......
...# #...%... .# ##.#
#.#.##o# .# ##.# #.#.##.#
.# ##.# #.#.##o# #.# # .#.#
##.#.##@###.####.#
#..#######....##.##........
#....Z.....................
#.########...######..####.
..# ##.## #..# #.# #.#
#..## #.# #.# #.).# #.#
#.########.8# #.#
#.......))..#


You could see 2 orc priests and an orc wizard.

Vanquished Creatures
  Grinder (D:3)
  An ogre (D:6)
  A centaur (D:6)
  A scorpion (D:5)
  2 crimson imps
  A jelly (D:6)
  2 orc priests
  Ijyb (D:4)
  2 orc wizards
  Natasha (D:2)
  4 worker ants
  A hound skeleton (D:5)
  3 gnolls (D:6)
  8 adders
  An ooze (D:3)
  2 worms (D:3)
  4 dart slugs
  4 leopard geckos
  26 orcs
  A ball python (D:1)
  7 goblins
  2 hobgoblins
  3 jackals (D:1)
  4 bats
  2 frilled lizards (D:2)
  6 kobolds
  A leopard gecko skeleton (D:6)
  A quokka skeleton (D:4)
  3 rats
96 creatures vanquished.

Vanquished Creatures (collateral kills)
  An ice beast (D:7)
  An ogre (D:6)
  A scorpion (D:4)
  A crimson imp (D:6)
  2 quasits
  6 orc priests
  An orc wizard (D:4)
  Natasha (twice) (D:2)
  An iguana (D:6)
  An adder (D:4)
  A worm (D:2)
  A leopard gecko (D:5)
  9 orcs
  A hobgoblin (D:1)
  A jackal (D:1)
  A ball python (D:6)
  A frilled lizard (D:1)
  A goblin (D:1)
  4 kobolds
  A rat (D:1)
38 creatures vanquished.

Grand Total: 134 creatures vanquished

Notes
Turn   | Place    | Note
-------+----------+-------------------------------------------
     0 | D:1      | lilbarb the Tengu Summoner began the quest for the Orb.
     0 | D:1      | Reached XP level 1. HP: 10/10 MP: 4/4
   256 | D:1      | Reached XP level 2. HP: 11/16 MP: 3/6
   269 | D:1      | Reached skill level 5 in Summonings
   694 | D:1      | Learned a level 2 spell: Call Imp
   821 | D:1      | Reached skill level 1 in Fighting
   919 | D:1      | Reached XP level 3. HP: 20/20 MP: 7/7
  1768 | D:2      | Noticed Natasha
  1783 | D:2      | Killed Natasha
  1783 | D:2      | Reached XP level 4. HP: 20/26 MP: 1/8
  1866 | D:2      | Learned a level 4 spell: Summon Lightning Spire
  2008 | D:2      | Noticed Natasha
  2019 | D:2      | Killed Natasha
  2035 | D:2      | Noticed Natasha
  2043 | D:2      | Killed Natasha
  2321 | D:2      | Found a hide-covered altar of Uskayaw.
  2321 | D:2      | Found a snail-covered altar of Cheibriados.
  2322 | D:2      | Reached skill level 1 in Air Magic
  2536 | D:3      | Gained mutation: You can fly. [Tengu growth]
  2536 | D:3      | Reached XP level 5. HP: 27/31 MP: 10/10
  2631 | D:3      | Found a runed door.
  2832 | D:3      | Noticed Grinder
  2841 | D:3      | Found a shattered altar of Ashenzari.
  2851 | D:3      | Killed Grinder
  2851 | D:3      | Reached XP level 6. HP: 37/37 MP: 11/11
  3156 | D:3      | Found a shadowy altar of Dithmenos.
  3969 | D:4      | Noticed Ijyb
  4061 | D:4      | Killed Ijyb
  4272 | D:4      | Found an iron altar of Okawaru.
  4320 | D:4      | Reached XP level 7. HP: 40/43 MP: 5/13
  4899 | D:4      | Found a shimmering altar of Xom.
  4922 | D:5      | Entered Level 5 of the Dungeon
  5153 | D:5      | Noticed a spatial vortex
  6182 | D:5      | Found Oqaennis's Jewellery Boutique.
  6410 | D:5      | Found a staircase to the Ecumenical Temple.
  6419 | Temple   | Entered the Ecumenical Temple
  6431 | Temple   | Became a worshipper of Yredelemnul the Dark
  6557 | D:6      | Reached XP level 8. HP: 9/48 MP: 14/14
  6576 | D:6      | Reached skill level 1 in Polearms
  6939 | D:6      | Reached skill level 5 in Fighting
  7777 | D:6      | Reached skill level 6 in Summonings
  7777 | D:6      | Reached skill level 5 in Air Magic
  8531 | D:6      | Found a shadowy altar of Dithmenos.
  9950 | D:7      | Killed from afar by an orc priest

Vault maps used:
D:1:      ncdulo_wetmaze
D:2:      gammafunk_temple_overflow_pools, uniq_natasha
D:3:      lemuel_round_altar, lemuel_doored_altar, uniq_crazy_yiuf_cottage,
          uniq_grinder
D:4:      overflow_temple_1_default, kennysheep_mini, first_ration, uniq_ijyb
D:5:      lemuel_temple_firewalk_b, serial_shops, nicolae_shop_statue_plus
D:6:      nicolae_dithmenos_through_a_glass_darkly
D:7:      lemuel_crystal_altar, basic_altar, yredelemnul_altar_generic
Temple:   chequers_temple_sunken

Skill      XL: |  1  2  3  4  5  6  7  8 |
---------------+-------------------------+-----
Summonings     | 5 6 |  6.6
Fighting       | 1 2 3 4 5 |  5.6
Stealth        | 3 |  3.0
Air Magic      | 1 2 3 4 5 |  5.8
Dodging        | 3 4 |  4.1
Spellcasting   | 3 4 |  4.0
Polearms       | 2 |  2.0

Action                   |  1- 3 |  4- 6 |  7- 9 || total
-------------------------+-------+-------+-------++-------
Melee: Dagger            |    56 |       |   119 ||   175
       Peck              |    17 |    20 |    32 ||    69
       Kick              |    10 |    28 |    52 ||    90
       Short sword       |    26 |   107 |     3 ||   136
       Trident           |       |       |   182 ||   182
 Cast: Summon Small Mamm |    17 |     1 |       ||    18
       Call Imp          |     5 |    13 |    43 ||    61
       Summon Lightning  |       |     2 |     6 ||     8
Evoke: Wand              |       |     9 |     1 ||    10
  Use: Scroll            |       |     2 |     1 ||     3
       Potion            |       |       |     3 ||     3
 Stab: Sleeping          |     7 |     3 |     2 ||    12
       Distracted        |     2 |     2 |     2 ||     6
  Eat: Chunk             |     3 |     8 |    12 ||    23
       Ration            |       |       |     3 ||     3
Armor: Robe              |     8 |     1 |       ||     9
       Leather armour    |       |    10 |    59 ||    69
Dodge: Dodged            |    54 |    45 |   194 ||   293

Table legend:
 A = Spawn XP
 B = Non-spawn XP
 C = Spawn XP percentage of total XP
 D = Spawn monster count
 E = Non-spawn monster count
 F = Spawn count percentage of total count
 G = Total turns spent on level
                    A         B        C        D         E        F      G
               +---------+---------+-------+---------+---------+-------+---------
         Total |       0 |    1933 |   0.0 |       0 |     134 |   0.0 |  9950
               +---------+---------+-------+---------+---------+-------+---------
           D:1 |       0 |      48 |   0.0 |       0 |      28 |   0.0 |  1304
           D:2 |       0 |     111 |   0.0 |       0 |      12 |   0.0 |  1220
           D:3 |       0 |     417 |   0.0 |       0 |      25 |   0.0 |  1672
           D:4 |       0 |     267 |   0.0 |       0 |      22 |   0.0 |  1348
           D:5 |       0 |     288 |   0.0 |       0 |      14 |   0.0 |  1223
           D:6 |       0 |     689 |   0.0 |       0 |      29 |   0.0 |  2666
           D:7 |       0 |     113 |   0.0 |       0 |       4 |   0.0 |   494
               +---------+---------+-------+---------+---------+-------+---------
